 Dungeon Crawl Stone Soup version 0.20.1-1-g8b1a95d (webtiles) character file.

969 Kingsmith the Blocker (level 8, -10/48 HPs)
             Began as a Gargoyle Fighter on Dec 7, 2017.
             Was an Initiate of the Shining One.
             Mangled by Duvessa
             ... wielding a +2 short sword of electrocution
              (17 damage)
             ... on level 5 of the Dungeon.
             The game lasted 00:10:39 (6243 turns).

Kingsmith the Blocker (Gargoyle Fighter)            Turns: 6243, Time: 00:10:39

Health: -10/48     AC:  0    Str: 21    XL:     8   Next: 16%
Magic:  8/8        EV: 13    Int:  9    God:    the Shining One [......]
Gold:   281        SH:  0    Dex: 10    Spells: 7/7 levels left

rFire    . . .     SeeInvis .   (weapon currently unavailable)
rCold    . . .     Gourm    .   (shield currently unavailable)
rNeg     + . .     Faith    .   (armour currently unavailable)
rPois    ∞         Spirit   .   (helmet currently unavailable)
rElec    .         Reflect  .   (cloak currently unavailable)
rCorr    .         Harm     .   (gloves currently unavailable)
MR       .....                  (boots currently unavailable)
Stlth    +.........             C - amulet of rage
Regen    0.2/turn               (ring currently unavailable)
MPRegen  0.2/turn               (ring currently unavailable)

@: pig-form, glowing, very quick
A: negative energy resistance 1, petrification resistance, rot immunity, AC +5
a: Renounce Religion, Evoke Berserk Rage


You were on level 5 of the Dungeon.
You worshipped the Shining One.
The Shining One was noncommittal.
You were not hungry.
You were a filthy swine.
You visited 2 branches of the dungeon, and saw 6 of its levels.

You collected 281 gold pieces.

Inventory:

Hand Weapons
 a - a +0 long sword (melded)
Armour
 b - a +0 scale mail (melded)
 c - a +0 shield (melded)
 n - a +0 pair of boots (melded)
 E - a +1 pair of gloves (melded)
 G - the cursed +0 ring mail "Camyuhai" {Str+2 Dex-2 Slay+4, unknown}
   (You found it on level 4 of the Dungeon)

   It affects your strength (+2).
   It affects your dexterity (-2).
   It affects your accuracy and damage with ranged weapons and melee attacks
   (+4).
   It has a curse placed upon it.
 J - a +0 plate armour
Jewellery
 w - a ring of magical power (melded)
 y - an uncursed ring of wizardry
 B - a +4 amulet of reflection
 C - an amulet of rage (around neck)
Wands
 x - a wand of random effects (13/48)
Scrolls
 h - 2 scrolls of enchant weapon
 i - a scroll of noise
 k - a scroll of enchant armour
 o - a scroll of fog
 p - 2 scrolls of amnesia
 q - a scroll of teleportation {unknown}
 s - a scroll of magic mapping {unknown}
 t - 2 scrolls of identify
 H - a scroll of recharging {unknown}
 K - a scroll of remove curse
Potions
 d - 2 potions of might
 e - a potion of brilliance {unknown}
 j - a potion of lignification {unknown}
 l - a potion of ambrosia {unknown}
 m - a potion of agility {unknown}
 r - a potion of cancellation {unknown}
 u - 3 potions of curing {unknown}
 v - a potion of mutation {unknown}
 z - a potion of invisibility {unknown}
 F - a potion of berserk rage {unknown}
Books
 D - a book of Misfortune

   Spells                             Type                      Level
   a - Confusing Touch                Hexes                        1
   b - Confuse                        Hexes                        3
   c - Gell's Gravitas                Translocation                3
   d - Petrify                        Transmutation/Earth          4
   e - Metabolic Englaciation         Hexes/Ice                    5
   f - Yara's Violent Unravelling     Hexes/Transmutation          5
Comestibles
 f - 6 bread rations
 g - a meat ration
 A - 2 royal jellies


   Skills:
 + Level 3.7 Fighting
 - Level 1.7 Long Blades
 + Level 4.0 Armour
 - Level 10.1 Shields


You had 7 spell levels left.
You didn't know any spells.

Dungeon Overview and Level Annotations

Branches:
Dungeon (5/15)             Temple (1/1) D:4

Altars:
Ashenzari
Cheibriados
Dithmenos
Gozag
Hepliaklqana
Kikubaaqudgha
Makhleb
Nemelex Xobeh
Qazlal
Ru
Uskayaw
Vehumet
Xom
Yredelemnul
Zin
The Shining One

Annotations:
D:5 Dowan, Duvessa


Innate Abilities, Weirdness & Mutations

You are resistant to torment.
((Your stone body is resilient. (AC +5)))
You are immune to poison.
You resist negative energy. (rN+)
((You are resistant to electric shocks. (rElec)))
((You can survive without breathing.))
You are immune to petrification.
You are immune to rotting.


Message History

Dowan zaps a wand.
You resist with some effort.
Duvessa hits you with a short sword of electrocution!
Dowan says, "Stay away from my face!"
Dowan zaps a wand.
You barely miss Dowan.
Dowan is severely wounded.
Duvessa hits you with a short sword of electrocution.
You are electrocuted!
* * * LOW HITPOINT WARNING * * *
Dowan hits you with a dagger.
* * * LOW HITPOINT WARNING * * *
Dowan casts a spell.
Dowan blinks!
Duvessa hits you with a short sword of electrocution.
* * * LOW HITPOINT WARNING * * *
Duvessa misses you.
Dowan zaps a wand.
Duvessa hits you but does no damage.
There is a stone staircase leading up here.
Duvessa hits you but does no damage.
You are electrocuted!
You die...

....e... ... ......... # #
..# ^.####.#.# #.#.#.# _^.
.# # #.#.#.# ^.^. .
##...#.# .... ## #......#
#......####
#......##h#####
.###......e.e...# #
................# #####.#
###............#####..[..#
#.............[.....#
###.##..............# #.
#............<.# #.
#...(..........# ##
################


You could see Duvessa and Dowan.

Vanquished Creatures
  2 phantoms
  3 ogres (D:4)
  A centaur (D:5)
  Blork the orc (D:4)
  3 orc priests
  Jessica (D:2)
  Ijyb (D:3)
  2 worker ants (D:4)
  A gnoll (D:3)
  7 adders
  5 worms
  3 dart slugs
  3 leopard geckos
  14 orcs
  14 bats
  6 giant cockroaches
  9 goblins
  6 hobgoblins
  4 jackals (D:1)
  12 kobolds
  2 quokkas
  2 ball pythons
  A ball python skeleton (D:4)
  4 frilled lizards
  A leopard gecko skeleton (D:4)
  10 rats
118 creatures vanquished.

Notes
Turn   | Place    | Note
-------+----------+-------------------------------------------
     0 | D:1      | Kingsmith the Gargoyle Fighter began the quest for the Orb.
     0 | D:1      | Reached XP level 1. HP: 14/14 MP: 1/1
   148 | D:1      | Reached XP level 2. HP: 19/19 MP: 2/2
   171 | D:1      | Reached skill level 4 in Shields
   345 | D:1      | Reached XP level 3. HP: 23/23 MP: 3/3
  1123 | D:2      | Reached skill level 5 in Shields
  1187 | D:2      | Reached XP level 4. HP: 27/28 MP: 4/4
  1397 | D:2      | Noticed Jessica
  1400 | D:2      | Killed Jessica
  1400 | D:2      | Reached skill level 6 in Shields
  1400 | D:2      | Reached XP level 5. HP: 32/32 MP: 5/5
  1820 | D:3      | Noticed Ijyb
  1839 | D:3      | Killed Ijyb
  1882 | D:3      | Reached skill level 7 in Shields
  2059 | D:3      | Noticed a phantom
  2123 | D:3      | Killed a phantom
  2123 | D:3      | Reached XP level 6. HP: 25/37 MP: 6/6
  2315 | D:3      | Found a faded altar of an unknown god.
  2393 | D:3      | Found a hazy altar of Hepliaklqana.
  2432 | D:3      | Found a radiant altar of Vehumet.
  2634 | D:3      | Reached skill level 8 in Shields
  3018 | D:5      | Entered Level 5 of the Dungeon
  3018 | D:5      | Noticed a phantom
  3678 | D:4      | Reached XP level 7. HP: 22/41 MP: 7/7
  4632 | D:4      | Noticed Blork the orc
  4651 | D:4      | Killed Blork the orc
  4651 | D:4      | Reached skill level 9 in Shields
  5025 | D:4      | Got an ancient ring mail
  5048 | D:4      | Found a staircase to the Ecumenical Temple.
  5213 | Temple   | Entered the Ecumenical Temple
  5548 | Temple   | Became a worshipper of the Shining One
  5878 | D:4      | Found a burning altar of Makhleb.
  5907 | D:5      | Noticed Dowan
  5908 | D:5      | Found a shimmering altar of Xom.
  5908 | D:5      | Noticed Duvessa
  5928 | D:5      | Reached skill level 10 in Shields
  5928 | D:5      | Reached XP level 8. HP: 28/46 MP: 8/8
  6243 | D:5      | Mangled by Duvessa

Skill      XL: |  1  2  3  4  5  6  7  8 |
---------------+-------------------------+-----
Shields        | 4 5 6 7 8 10 | 10.1
Armour         | 4 |  4.0
Fighting       | |  3.7
Long Blades    | |  1.7

Action                   |  1- 3 |  4- 6 |  7- 9 || total
-------------------------+-------+-------+-------++-------
Melee: Long sword        |   149 |   238 |   175 ||   562
       Unarmed           |       |       |     1 ||     1
  Use: Scroll            |       |     6 |     1 ||     7
  Eat: Chunk             |     1 |     8 |     9 ||    18
Armor: Scale mail        |   101 |    96 |    82 ||   279
Dodge: Dodged            |    73 |    75 |    58 ||   206
Block: Shield            |   110 |   134 |    93 ||   337
       Rpst.: Long sword |    22 |    27 |    17 ||    66
